 Dungeon Crawl Stone Soup version 0.22.0-49-gab54619 (webtiles) character file.

776 Fang the Chopper (level 7, 0/44 HPs)
             Began as a Gargoyle Berserker on Sept 4, 2018.
             Was a Priest of Trog.
             Slain by Grinder (5 damage)
             ... on level 5 of the Dungeon.
             The game lasted 00:07:34 (5092 turns).

Fang the Chopper (Gargoyle Berserker)               Turns: 5092, Time: 00:07:34

Health: 0/44       AC:  9    Str: 23    XL:     7   Next: 84%
Magic:  7/7        EV: 13    Int:  7    God:    Trog [***...]
Gold:   270        SH:  0    Dex:  9    Spells: 6/6 levels left

rFire    . . .     SeeInvis .   a - +0 hand axe
rCold    . . .     Gourm    .   (no shield)
rNeg     + + .     Faith    .   b - +0 animal skin
rPois    ∞         Spirit   .   y - +1 helmet
rElec    +         Reflect  .   (no cloak)
rCorr    .         Harm     .   (no gloves)
MR       .....                  (no boots)
Stlth    ++........             A - amulet of magic regeneration
HPRegen  0.14/turn              u - ring of positive energy
MPRegen  0.35/turn              (no ring)

@: starving
A: negative energy resistance 1, electricity resistance, unbreathing,
petrification resistance, rot immunity, AC +4
a: Berserk, Trog's Hand, Renounce Religion


You were on level 5 of the Dungeon.
You worshipped Trog.
Trog was most pleased with you.
You were starving.

You visited 1 branch of the dungeon, and saw 5 of its levels.

You collected 270 gold pieces.

Inventory:

Hand Weapons
 a - a +0 hand axe (weapon)
Missiles
 w - 3 tomahawks of returning (quivered)
Armour
 b - a +0 animal skin (worn)
 y - a +1 helmet (worn)
Jewellery
 u - a ring of positive energy (left hand)
 A - an amulet of magic regeneration (around neck)
Wands
 l - a wand of random effects (33)
 t - a wand of enslavement (18)
Scrolls
 e - 5 scrolls of identify
 g - a scroll of magic mapping {unknown}
 h - 2 scrolls of noise
 j - 3 scrolls of enchant weapon {unknown}
 o - a scroll of fear {unknown}
 p - a scroll of fog {unknown}
 q - 3 scrolls of remove curse {unknown}
 r - 2 scrolls of teleportation {unknown}
 v - 3 scrolls of enchant armour {unknown}
Potions
 d - a potion of cancellation
 f - 2 potions of heal wounds {unknown}
 i - 2 potions of curing {unknown}
 k - 3 potions of brilliance {unknown}
 m - a potion of flight {unknown}
 n - a potion of ambrosia {unknown}
 s - a potion of invisibility
 x - 2 potions of agility {unknown}
 z - a potion of degeneration {unknown}
 B - a potion of berserk rage {unknown}
Comestibles
 c - 10 rations


   Skills:
 + Level 5.2 Fighting
 + Level 6.0 Axes
 + Level 2.2 Armour
 + Level 3.7 Dodging
 + Level 2.4 Stealth


You had 6 spell levels left.
You didn't know any spells.
Your spell library was empty.

Dungeon Overview and Level Annotations

Branches:
Dungeon (5/15)
 Temple: D:4-7

Altars:
Cheibriados
Dithmenos
Gozag
Hepliaklqana
Trog

Shops:
D:5 *

Annotations:
D:5 Grinder


Innate Abilities, Weirdness & Mutations

You are resistant to torment.
Your stone body is resilient. (AC +4)
You are immune to poison.
You resist negative energy. (rN+)
You are resistant to electric shocks. (rElec)
You can survive without breathing.
You are immune to petrification.
You are immune to rotting.


Message History

* * * LOW HITPOINT WARNING * * *
You writhe in agony.
* * * LOW HITPOINT WARNING * * *
You closely miss Grinder.
Grinder is almost dead.
Grinder gestures at you. Pain shoots through your body!
* * * LOW HITPOINT WARNING * * *
You barely miss Grinder.
Grinder is almost dead.
Grinder blinks!
You are starving!
You closely miss Grinder.
Grinder is almost dead.
Grinder blinks!
You hit Grinder.
Grinder is almost dead.
Grinder says, "Mostly I couldn't keep them alive."
Grinder hits you.
You die...

#.#...##.#.#####
#.#...>........#
#.#...#..#####.#
#.##.##..### #.##+##
#.##†...)..# #.#...##
#........#.# #......##
#######.##.###.......##
#######...#.##..5......#
................@......+
#######...#.##.........#
##.##.###.......## ### #
##.....## ##...## ##+##


You could see Grinder.

Vanquished Creatures
  Menkaure (D:4)
  A phantom (D:3)
  A crimson imp (D:5)
  A bullfrog zombie (D:5)
  An orc priest (D:4)
  A hound (D:4)
  4 orc wizards
  Jessica (D:3)
  3 iguanas
  2 worker ants
  A hound skeleton (D:4)
  8 adders
  An adder zombie (D:5)
  3 worms
  A dart slug (D:1)
  5 leopard geckos
  17 orcs
  3 giant cockroaches
  4 goblins
  A hobgoblin (D:2)
  2 quokkas
  A ball python skeleton (D:5)
  11 bats
  8 frilled lizards
  3 kobolds
  8 rats
93 creatures vanquished.

Notes
Turn   | Place    | Note
-------+----------+-------------------------------------------
     0 | D:1      | Fang the Gargoyle Berserker began the quest for the Orb.
     0 | D:1      | Reached XP level 1. HP: 14/14 MP: 1/1
   194 | D:1      | Reached XP level 2. HP: 16/19 MP: 2/2
   312 | D:1      | Reached skill level 3 in Axes
   793 | D:2      | Reached XP level 3. HP: 24/24 MP: 3/3
  1194 | D:2      | Reached ** piety under Trog
  1235 | D:2      | Reached XP level 4. HP: 19/29 MP: 4/4
  1551 | D:2      | Reached skill level 4 in Axes
  1965 | D:2      | Found a bloodstained altar of Trog.
  1972 | D:2      | Reached skill level 1 in Stealth
  2035 | D:2      | Found an opulent altar of Gozag.
  2035 | D:2      | Found a hazy altar of Hepliaklqana.
  2097 | D:3      | Found a bloodstained altar of Trog.
  2099 | D:3      | Found a snail-covered altar of Cheibriados.
  2250 | D:3      | Noticed Jessica
  2270 | D:3      | Killed Jessica
  2270 | D:3      | Reached XP level 5. HP: 33/33 MP: 5/5
  2892 | D:4      | Found a shadowy altar of Dithmenos.
  3007 | D:4      | Reached XP level 6. HP: 17/39 MP: 6/6
  3252 | D:4      | Noticed Menkaure
  3260 | D:4      | Killed Menkaure
  3260 | D:4      | Reached skill level 5 in Axes
  3471 | D:4      | Reached XP level 7. HP: 44/44 MP: 7/7
  4396 | D:5      | Entered Level 5 of the Dungeon
  4543 | D:5      | Reached skill level 5 in Fighting
  4565 | D:5      | Found Yczeyrph's General Store.
  4633 | D:5      | Reached *** piety under Trog
  4957 | D:5      | Reached skill level 6 in Axes
  5008 | D:5      | Noticed Grinder
  5009 | D:5      | Paralysed by Grinder for 4 turns
  5021 | D:5      | Paralysed by Grinder for 3 turns
  5029 | D:5      | Paralysed by Grinder for 4 turns
  5034 | D:5      | Paralysed by Grinder for 5 turns
  5042 | D:5      | Paralysed by Grinder for 6 turns
  5065 | D:5      | Paralysed by Grinder for 6 turns
  5075 | D:5      | Paralysed by Grinder for 7 turns
  5092 | D:5      | Slain by Grinder

Skill      XL: |  1  2  3  4  5  6  7 |
---------------+----------------------+-----
Axes           | 3 4 5 6 |  6.0
Dodging        | 2 3 |  3.7
Stealth        | 1 2 |  2.4
Fighting       | 4 5 |  5.2
Armour         | |  2.2

Action                   |  1- 3 |  4- 6 |  7- 9 || total
-------------------------+-------+-------+-------++-------
Melee: Hand axe          |   121 |   160 |   192 ||   473
Invok: Berserk           |     1 |     3 |     1 ||     5
  Use: Scroll            |       |       |     2 ||     2
 Stab: Sleeping          |       |     1 |     2 ||     3
  Eat: Chunk             |     2 |     8 |     3 ||    13
       Ration            |       |     1 |       ||     1
Armor: Animal skin       |    49 |    49 |    65 ||   163
Dodge: Dodged            |   112 |   109 |   116 ||   337
